 Dungeon Crawl Stone Soup version 0.23.2-30-g0e89c35649 (webtiles) character file.

Game seed: 18197548817208582806

58 wutend the Ruffian (level 3, 0/55 HPs)
             Began as a Troll Berserker on June 20, 2019.
             Was a Believer of Trog.
             Slain by a hobgoblin
             ... wielding a +0 club
             ... led by Robin
              (3 damage)
             ... on level 2 of the Dungeon.
             The game lasted 00:03:52 (1135 turns).

wutend the Ruffian (Troll Berserker)                Turns: 1135, Time: 00:03:55

Health: 0/55       AC:  6    Str: 30    XL:     3   Next: 76%
Magic:  2/2        EV: 10    Int:  3    God:    Trog [**....]
Gold:   94         SH:  0    Dex: 10    Spells: 2/2 levels left

rFire    . . .     SeeInvis .     - Unarmed
rCold    . . .     Gourm    +   (no shield)
rNeg     . . .     Faith    .   a - +0 animal skin
rPois    .         Spirit   .   (helmet restricted)
rElec    .         Reflect  .   (no cloak)
rCorr    .         Harm     .   (gloves unavailable)
MR       .....                  (boots unavailable)
Stlth    ..........             (no amulet)
HPRegen  0.58/turn              (no ring)
MPRegen  0.08/turn              (no ring)

@: berserking, very quick
A: large, unfitting armour, claws 3, fast metabolism 3, gourmand, regeneration
1, shaggy fur 1, tough skin 3
a: Berserk, Trog's Hand, Renounce Religion


You were on level 2 of the Dungeon.
You worshipped Trog.
Trog was pleased with you.
You were full.

You visited 1 branch of the dungeon, and saw 2 of its levels.

You collected 94 gold pieces.

Inventory:

Armour
 a - a +0 animal skin (worn)
Jewellery
 e - a +3 ring of dexterity {unknown}
 g - an uncursed ring of positive energy {unknown}
Scrolls
 c - a scroll of immolation {unknown}
 f - a scroll of enchant weapon {unknown}
 i - a scroll of identify {unknown}
Potions
 d - a potion of lignification {unknown}
 h - a potion of resistance {unknown}
Comestibles
 b - 2 rations


   Skills:
 + Level 3.0 Fighting
 + Level 3.0 Dodging
 + Level 3.7 Unarmed Combat


You had 2 spell levels left.
You didn't know any spells.
Your spell library was empty.

Dungeon Overview and Level Annotations

Branches:
Dungeon (2/15)

Altars:

Annotations:
D:2 Robin


Innate Abilities, Weirdness & Mutations

You are too large for most types of armour.
You have claws for hands.
Your metabolism is lightning-fast.
You like to eat raw meat.
Your natural rate of healing is unusually fast.
You are covered in fur. (AC +1)
You have extremely tough skin. (AC +3)


Message History

The goblin barely misses you. The goblin hits you with a +0 club.
* * * LOW HITPOINT WARNING * * *
A goblin comes into view. It is wielding a -3 club.
A goblin comes into view. It is wielding a +0 club.
A red film seems to cover your vision as you go berserk!
You feel yourself moving faster!
You feel mighty! The kobold hits you with a +0 whip.
* * * LOW HITPOINT WARNING * * *
The goblin barely misses you. The hobgoblin misses you.
A goblin comes into view.
The goblin hits you with a +0 club.
* * * LOW HITPOINT WARNING * * *
You mangle the goblin!!
You kill the goblin!
Trog accepts your kill. The kobold barely misses you.
Robin throws the goblin at you! The goblin hits you with a +0 dagger.
* * * LOW HITPOINT WARNING * * *
The hobgoblin hits you with a +0 club.
You die... #.......# #.......# ..# #.......# #..#. ##..(...### g... #.####...# ####J.r #.# #.#.# #.g.g# ####.# #.#.# #gggg

.....# #.#.#
#gK### ######
#.#.# #@g..#
#####.#.#
#g##.#
#....#..# #(#
#.###.### ##(##
#.# #.#####..?#
#.###.........#
#....###.##...#
####.#
#..>.......
######.#
#.#########


You could see Robin, an ooze, a quokka, 4 hobgoblins, 5 goblins and a kobold.

Vanquished Creatures
  An adder (D:2)
  An ooze (D:1)
  2 dart slugs (D:1)
  A leopard gecko (D:1)
  4 bats (D:1)
  2 giant cockroaches
  8 goblins
  3 hobgoblins (D:1)
  3 jackals (D:2)
  8 kobolds (D:1)
  2 rats (D:1)
35 creatures vanquished.

Vanquished Creatures (others)
  A bat (D:2)
1 creature vanquished.

Grand Total: 36 creatures vanquished

Notes
Turn   | Place    | Note
-------+----------+-------------------------------------------
     0 | D:1      | wutend the Troll Berserker began the quest for the Orb.
     0 | D:1      | Reached XP level 1. HP: 22/22 MP: 0/0
    85 | D:1      | Reached XP level 2. HP: 29/29 MP: 1/1
   385 | D:1      | Reached XP level 3. HP: 36/36 MP: 2/2
   570 | D:1      | Reached ** piety under Trog
  1124 | D:2      | Noticed Robin
  1135 | D:2      | Slain by a hobgoblin

Skill      XL: |  1  2  3 |
---------------+----------+-----
Dodging        | 3 |  3.0
Fighting       | 3 |  3.0
Unarmed Combat | |  3.7

Action                   || total
-------------------------++-------
Melee: Unarmed           ||    84
       Punch             ||     1
Invok: Berserk           ||     1
  Eat: Chunk             ||    14
Armor: Animal skin       ||    32
Dodge: Dodged            ||    50
